 Dungeon Crawl Stone Soup version 0.19.0-2-gae57169 (webtiles) character file.

238 Goblin1989 the Chopper (level 5, -1/42 HPs)
             Began as a Minotaur Gladiator on Nov 6, 2016.
             Slain by Robin
             ... wielding a +5 short sword of electrocution
              (3 damage)
             ... on level 3 of the Dungeon.
             The game lasted 00:06:17 (2067 turns).

Goblin1989 the Chopper (Minotaur Gladiator)         Turns: 2067, Time: 00:06:17

Health: -1/42      AC:  5    Str: 21      XL:     5   Next: 78%
Magic:  4/4        EV: 10    Int:  5      God:
Gold:   215        SH:  0    Dex:  8 (10) Spells: 0 memorised, 4 levels left

rFire  . . .     SeeInvis .     a - +0 war axe
rCold  . . .     Gourm    .     d - -2 scale mail (curse)
rNeg   . . .     Faith    .     (no shield)
rPois  .         Spirit   .     c - +0 hat
rElec  .         Reflect  .     (no cloak)
rCorr  .         Harm     .     (no gloves)
MR     .....                    p - +0 pair of boots
Stlth  ..........               n - amulet of rage
                                (no ring)
                                (no ring)

@: no status effects
A: retaliatory headbutt, horns 2
a: Evoke Berserk Rage


You were on level 3 of the Dungeon.
You were not hungry.

You visited 1 branch of the dungeon, and saw 4 of its levels.

You collected 215 gold pieces.

Inventory:

Hand Weapons
 a - a +0 war axe (weapon)
Missiles
 j - 8 curare-tipped needles
 s - 8 needles of confusion
 v - 3 javelins (quivered)
 Z - 3 throwing nets {=f, !d}
Armour
 b - a +0 leather armour
 c - a +0 hat (worn)
 d - a cursed -2 scale mail (worn)
 p - a +0 pair of boots (worn)
Jewellery
 l - an uncursed ring of wizardry {unknown}
 n - an amulet of rage (around neck)
Scrolls
 e - a scroll of immolation {!r}
 k - a scroll of enchant weapon {unknown}
 r - a scroll of amnesia {unknown}
 u - a scroll of magic mapping {unknown}
 w - 2 scrolls of remove curse {unknown}
Potions
 h - a potion of haste {!q, @q3}
 i - a potion of flight
 o - a potion of mutation {unknown}
 q - a potion of heal wounds {!q, @q2}
Comestibles
 f - 5 bread rations {@e1}
 g - 6 fruits
 x - a meat ration {@e2}


   Skills:
 - Level 2.4 Fighting
 + Level 7.9 Axes
 - Level 2.0 Throwing
 - Level 3.2 Dodging


You had 4 spell levels left.
You didn't know any spells.

Dungeon Overview and Level Annotations

Branches:
Dungeon (4/15)
 Temple: D:4-7

Altars:
Nemelex Xobeh

Annotations:
D:3 Robin
D:4 Dowan, Duvessa


Innate Abilities, Weirdness & Mutations

You reflexively headbutt those who attack you in melee.
You have a pair of horns on your head.


Message History

Your scale mail prevents you from hitting the hobgoblin.
Your headbutt misses the hobgoblin.
The hobgoblin is moderately wounded.
The hobgoblin hits you but does no damage.
You barely miss the hobgoblin.
The hobgoblin is moderately wounded.
The hobgoblin hits you with a club.
* * * LOW HITPOINT WARNING * * *
You take 5 damage, and have 5/42 hp.
You closely miss the hobgoblin.
The hobgoblin is moderately wounded.
The hobgoblin barely misses you.
You slash the hobgoblin!
You kill the hobgoblin!
Robin zaps a wand.
The puff of flame hits you!
* * * LOW HITPOINT WARNING * * *
It is a wand of flame.
You take 4 damage, and have 1/42 hp.
Robin hits you with a short sword of electrocution.
You die... █.........█ ██ █.........█ ██. █..>.....†█████.. ██████

█...............█
█....█
█████.█..█....███
█....█ █..█.█.██..█
█(...█ █...⌂..███.█
█....█████████.██.███
█.██
█......)(@g((.....█
█..█
█....███████((..███
██.. █....█ █.█..██ ██.
███..█ █.....██ ███..
██.██ ███..((██ █...█
█..███ █....)███.███
█....█ █.█..[(...███
█....██████............
█...(........█......███


You could see Robin.

Vanquished Creatures
  A quasit (D:3)
  An orc priest (D:3)
  A worker ant (D:3)
  A gnoll (D:1)
  7 adders
  An ooze (D:2)
  A worm (D:2)
  2 dart slugs
  3 leopard geckos
  4 orcs
  7 bats
  3 giant cockroaches (D:1)
  7 goblins
  9 hobgoblins
  7 kobolds
  2 quokkas
  2 ball pythons
  2 frilled lizards (D:2)
  5 rats
66 creatures vanquished.

Notes
Turn   | Place    | Note
-------+----------+-------------------------------------------
     0 | D:1      | Goblin1989 the Minotaur Gladiator began the quest for the Orb.
     0 | D:1      | Reached XP level 1. HP: 18/18 MP: 0/0
    46 | D:1      | Reached skill level 4 in Axes
    98 | D:1      | Reached XP level 2. HP: 25/25 MP: 1/1
   348 | D:1      | Reached skill level 5 in Axes
   348 | D:1      | Reached XP level 3. HP: 23/30 MP: 2/2
  1056 | D:2      | Reached XP level 4. HP: 35/37 MP: 3/3
  1063 | D:2      | Reached skill level 6 in Axes
  1545 | D:2      | Found a sparkling altar of Nemelex Xobeh.
  1637 | D:3      | Found a sparkling altar of Nemelex Xobeh.
  1643 | D:3      | Reached skill level 7 in Axes
  1643 | D:3      | Reached XP level 5. HP: 41/42 MP: 4/4
  2005 | D:4      | Noticed Duvessa
  2007 | D:4      | Noticed Dowan
  2037 | D:4      | Noticed Robin
  2038 | D:4      | Noticed an ogre
  2066 | D:3      | HP: 1/42 [Robin/wand of flame (4)]
  2067 | D:3      | Slain by Robin

Skill      XL: |  1  2  3  4 |
---------------+-------------+-----
Axes           | 4 5 7 |  7.9
Fighting       | |  2.4
Throwing       | |  2.0
Dodging        | |  3.2

Action                   |  1- 3 |  4- 6 || total
-------------------------+-------+-------++-------
Melee: War axe           |    58 |    75 ||   133
       Headbutt          |     9 |     6 ||    15
  Use: Scroll            |       |     5 ||     5
       Potion            |       |     1 ||     1
  Eat: Chunk             |       |     4 ||     4
Armor: Leather armour    |     3 |       ||     3
       Scale mail        |    25 |    50 ||    75
Dodge: Dodged            |    35 |    82 ||   117

Vault maps used:
D:1:      saegor_arrival_simple_a, minmay_misc_feat_iff
D:2:      nemelex_dance_club_becter
D:3:      lemuel_crystal_altar
D:4:      lemuel_crystal_altar, uniq_duvessa, uniq_robin
